 Dungeon Crawl Stone Soup version 0.17.1-3-g152610e (webtiles) character file.

187 namelastname112 the Insei (level 5, 0/45 HPs)
             Began as a Draconian Monk on Apr 20, 2016.
             Slain by a river rat (10 damage)
             ... on level 4 of the Dungeon.
             The game lasted 00:02:43 (2145 turns).

namelastname112 the Insei (Draconian Monk)          Turns: 2145, Time: 00:02:44

Health: 0/45       AC:  6    Str: 14    XL:     5   Next: 39%
Magic:  5/5        EV: 13    Int: 10    God:
Gold:   164        SH:  0    Dex: 14    Spells: 0 memorised, 4 levels left

rFire  . . .     SeeInvis .       - Unarmed
rCold  . . .     Clarity  .     (armour unavailable)
rNeg   . . .     SustAt   .     (no shield)
rPois  .         Gourm    .     (helmet restricted)
rElec  .         Spirit   .     (no cloak)
rCorr  .         Warding  .     (no gloves)
rMut   .         Stasis   .     k - +0 pair of boots
MR     .....                    (no amulet)
Stlth  ++........               (no ring)
                                (no ring)

@: not resistant to hostile enchantments, unstealthy
A: unfitting armour, cold-blooded, AC +5
a: no special abilities


You were on level 4 of the Dungeon.
You were not hungry.

You visited 1 branch of the dungeon, and saw 4 of its levels.

You collected 164 gold pieces.

Inventory:

Armour
 k - a +0 pair of boots (worn)
Scrolls
 c - 7 scrolls of identify {unknown}
 d - 2 scrolls of enchant armour {unknown}
 e - a scroll of magic mapping {unknown}
 f - 2 scrolls of remove curse {unknown}
 o - a scroll of enchant weapon {unknown}
 q - a scroll of blinking {unknown}
 r - a scroll of fog {unknown}
 t - a scroll of amnesia {unknown}
 y - a scroll of random uselessness {unknown}
Potions
 b - a potion of haste {unknown}
 g - a potion of lignification
 h - 2 potions of heal wounds {unknown}
 i - a potion of invisibility {unknown}
 l - a potion of agility {unknown}
 n - 2 potions of curing {unknown}
 p - a potion of might {unknown}
 s - a potion of degeneration {unknown}
 v - a potion of resistance {unknown}
 w - 2 potions of flight {unknown}
 x - a potion of brilliance {unknown}
Comestibles
 a - 3 bread rations
 j - a slice of pizza
 m - 16 fruits
 u - 2 meat rations
 z - 2 chunks of flesh


   Skills:
 - Level 3.2 Fighting
 - Level 2.6 Dodging
 - Level 1.7 Stealth
 + Level 6.7 Unarmed Combat


You had 4 spell levels left.
You didn't know any spells.

Dungeon Overview and Level Annotations

Branches:
Dungeon (4/15)
 Temple: D:4-7

Altars:
Elyvilon
The Shining One


Innate Abilities, Weirdness & Mutations

Your plain brown scales are hard (AC +5).
Your body does not fit into most forms of armour.
You are cold-blooded and may be slowed by cold attacks.


Message History

You hit the river rat but do no damage. You hit the river rat.
You tail-slap the river rat.
The river rat is moderately wounded.
The river rat bites you but does no damage.
You hit the river rat but do no damage.
You tail-slap the river rat, but do no damage.
The river rat is moderately wounded.
The river rat barely misses you.
You completely miss the river rat.
The river rat is moderately wounded.
The river rat bites you.
* * * LOW HITPOINT WARNING * * *
You take 2 damage, and have 9/45 hp.
You hit the river rat but do no damage.
The river rat is moderately wounded.
The river rat bites you but does no damage.
You barely miss the river rat. You tail-slap the river rat.
The river rat is severely wounded.
The river rat bites you!
You die...

######..........#
##...##.....##.#.#
#(...##.....##.#.#
#....##........#.#
#.#.........####.#
## #.#######.###
#.# . #)# ##'##
###.# #. #.#
##...###....
#o##@#
##.....##.###
##..#r#
#.......#.# #
#....o#
#..........###
#....##
###...........
#.....≈
#.......####
.......#.≈
#......## #
###..## .≈≈
#.....## #.. ..≈≈
##...## #. ....≈
##+########


You could see a river rat and an orc.

Vanquished Creatures
  An orc priest (D:4)
  A hound (D:4)
  A centaur skeleton (D:4)
  2 river rats (D:4)
  3 adders
  3 worms
  3 giant geckos
  4 orcs
  3 giant cockroaches
  7 goblins
  4 hobgoblins
  3 kobolds
  A ball python skeleton (D:4)
  5 bats
  A giant gecko skeleton (D:3)
  3 giant newts
  A quokka (D:3)
  6 rats
52 creatures vanquished.

Notes
Turn   | Place    | Note
--------------------------------------------------------------
     0 | D:1      | namelastname112 the Draconian Monk began the quest for the Orb.
     0 | D:1      | Reached XP level 1. HP: 19/19 MP: 1/1
   588 | D:1      | Reached XP level 2. HP: 15/26 MP: 2/2
   914 | D:2      | Found a faded altar to an unknown god.
  1016 | D:2      | Found a glowing golden altar of the Shining One.
  1018 | D:2      | Karasique: го рандомный алтарь
  1140 | D:2      | Reached skill level 5 in Unarmed Combat
  1140 | D:2      | namelastname112: чет не
  1140 | D:2      | namelastname112: словлю говно
  1140 | D:2      | Reached XP level 3. HP: 16/31 MP: 3/3
  1392 | D:2      | Karasique: там баклер был вроде
  1420 | D:3      | crauler: 32 str 2 int 28 dex
  1420 | D:3      | namelastname112: да похуй на него
  1444 | D:3      | crauler: talk about specialization
  1493 | D:3      | Found a white marble altar of Elyvilon.
  1727 | D:3      | Reached XP level 4. HP: 38/38 MP: 4/4
  2044 | D:4      | Reached skill level 6 in Unarmed Combat
  2098 | D:4      | Reached XP level 5. HP: 12/45 MP: 5/5
  2145 | D:4      | Slain by a river rat

Action                   |  1- 3 |  4- 6 || total
-------------------------+-------+-------++-------
Melee: Unarmed           |   127 |    54 ||   181
  Use: Potion            |       |     1 ||     1
 Stab: Sleeping          |     4 |       ||     4
  Eat: Chunk             |     2 |     2 ||     4
